 Dungeon Crawl Stone Soup version 0.31-a0-331-geda263fcf1 (webtiles) character file.

Game seed: 2478122657031175465

285372 Gelion the Metamorph (level 19, 0/253 HPs)
             Began as a Troll Shapeshifter on July 19, 2023.
             Was an Elder of Okawaru.
             Slain by a deep troll (1 damage)
             ... in the Arena.
             The game lasted 01:18:04 (29642 turns).

Gelion the Metamorph (Troll Shapeshifter)          Turns: 29642, Time: 01:18:05

Health: 0/253      AC: 36    Str: 28    XL:     19   Next: 81%
Magic:  18/28      EV: 13    Int:  6    God:    Okawaru [****..]
Gold:   1919       SH:  5    Dex: 11    Spells: 18/18 levels left

rFire   . .          .
                       - Unarmed
rCold   . . .        (no shield)
rNeg    + . .        (body armour currently unavailable)
rPois   ∞            N - +1 hat
rElec   +            j - +0 cloak
rCorr   +            (gloves unavailable)
SInv    +            (boots unavailable)
Will    +....        T - amulet of Lerchef {Reflect +Inv Int+2 Dex-5 SH+5}
Stlth   +++          l - ring of see invisible
HPRegen 1.42/turn    E - ring of resist corrosion
MPRegen 0.21/turn

%: reflection
@: statue-form, heroic, studying 2 skills, duelling, very slow
A: slow and powerful, torment resistance 1, boosted hp, large, unfitting armour,
claws 3, regeneration 1, (shaggy fur 1), (tough skin 1)
}: 2/15 runes: decaying, gossamer
a: Begin Untransformation, Renounce Religion, Evoke Invisibility, Heroism,
Finesse


You were in the Arena.
You worshipped Okawaru.
Okawaru was greatly pleased with you.
You were a living statue of rough stone.
You visited 7 branches of the dungeon, and saw 33 of its levels.
You also visited: Bailey, Ice Cave and Volcano.

You collected 4243 gold pieces.
You spent 2324 gold pieces at shops.

Inventory:

Missiles
 A - 2 throwing nets
 L - 26 large rocks (quivered)
 O - 5 javelins
 X - 4 silver javelins
Armour
 j - a +0 cloak (worn)
 N - a +1 hat (worn)
Jewellery
 d - a ring of poison resistance
 l - a ring of see invisible (left claw)
 z - a +4 ring of slaying
 E - a ring of resist corrosion (right claw)
 M - a +5 ring of evasion
 T - the amulet of Lerchef (around neck) {Reflect +Inv Int+2 Dex-5 SH+5}
   (You took it off an orc warlord on level 1 of the Orcish Mines)

   [amulet of reflection]

   It reflects blocked missile attacks.
   Int:       It affects your intelligence (+2).
   Dex:       It affects your dexterity (-5).
   +Inv:      It lets you turn invisible.
   SH:        It affects your SH (+5).
 U - a ring of protection from cold
Talismans
 i - a granite talisman
 u - a serpent talisman
 W - a talisman of death
Wands
 b - a wand of paralysis (29)
 n - a wand of roots (42)
 p - a wand of quicksilver (30)
 t - a wand of polymorph (20)
 D - a wand of mindburst (17)
 G - a wand of flame (21)
 S - a wand of digging (13)
Scrolls
 c - 9 scrolls of teleportation
 f - 7 scrolls of poison
 r - 3 scrolls of blinking
 v - 8 scrolls of amnesia
 x - 6 scrolls of revelation
 B - 4 scrolls of enchant armour
 F - 4 scrolls of enchant weapon
 H - 4 scrolls of identify
 J - 2 scrolls of fog
 P - a scroll of fear
Potions
 e - 2 potions of magic
 g - 6 potions of cancellation
 h - a potion of brilliance
 k - 4 potions of might
 m - 6 potions of heal wounds
 o - 5 potions of attraction
 q - 6 potions of curing
 s - 2 potions of enlightenment
 w - 7 potions of haste
 C - 8 potions of invisibility
 R - 5 potions of mutation
 Z - 5 potions of ambrosia
Miscellaneous
 V - a tin of tremorstones (2/2)


   Skills:
 + Level 13.4(18.4) Fighting
 + Level 2.0(7.0) Throwing
 + Level 6.2(11.2) Dodging
 * Level 16.7(21.7) Unarmed Combat
 + Level 13.3 Invocations
 * Level 18.9 Shapeshifting


You had 18 spell levels left.
You didn't know any spells.
Your spell library contained the following spells:

 Spells                   Type           Power      Damage    Failure   Level
 Foxfire                  Conj/Fire      0%         2x1d4     45%         1
 Sandblast                Erth           0%         2d4       45%         1
 Slow                     Hex            0%         N/A       45%         1
 Blink                    Tloc           0%         N/A       58%         2
 Ensorcelled Hibernation  Hex/Ice        0%         N/A       58%         2
 Lesser Beckoning         Tloc           0%         N/A       58%         2
 Momentum Strike          Conj/Tloc      0%         3d8       58%         2
 Passwall                 Tmut/Erth      0%         N/A       58%         2
 Confusing Touch          Hex            0%         N/A       83%         3
 Dazzling Flash           Conj/Hex       0%         N/A       83%         3
 Gell's Gravitas          Tloc           0%         N/A       83%         3
 Ignite Poison            Fire/Tmut/Pois 0%         N/A       83%         3
 Stone Arrow              Conj/Erth      0%         3d7       83%         3
 Swiftness                Air            0%         N/A       83%         3
 Teleport Other           Tloc           0%         N/A       83%         3
 Vampiric Draining        Necr           0%         2d6       83%         3
 Volatile Blastmotes      Fire/Tloc      0%         2d10      83%         3
 Leda's Liquefaction      Hex/Erth       0%         N/A       99%         4
 Sticky Flame             Conj/Fire      0%         2d3       99%         4
 Lee's Rapid Deconstruct  Erth           0%         3d4*      100%        5
 Conjure Ball Lightning   Conj/Air       0%         3x3d6     100%        6
 Leda's Unmaking          Conj/Erth      0%         9d1       100%        6
 Plasma Beam              Fire/Air       0%         2x1d10    100%        6
 Starburst                Conj/Fire      0%         6d3       100%        6
 Discord                  Hex            0%         N/A       100%        8
 Disjunction              Tloc           0%         N/A       100%        8
 Ignition                 Fire           0%         3d3       100%        8
 Maxwell's Capacitive Co  Air            0%         ∞         100%        8


Dungeon Overview and Level Annotations

Branches:
Dungeon (15/15)            Temple (1/1) D:6            Lair (5/5) D:9
  Swamp (4/4) Lair:2       Spider (4/4) Lair:3        Slime (0/5) Lair:4
    Orc (2/2) D:10            Elf (0/3) Orc:2        Vaults (0/5) D:14
 Depths (1/4) D:15         Bailey (visited)           IceCv (visited)
Volcano (visited)

Altars:
Ashenzari
Cheibriados
Dithmenos
Elyvilon
Fedhas
Gozag
Hepliaklqana
Kikubaaqudgha
Makhleb
Nemelex Xobeh
Okawaru
Qazlal
Ru
Sif Muna
Trog
Uskayaw
Vehumet
Wu Jian
Xom
Yredelemnul
Zin
The Shining One
Jiyva

Shops:
D:3 =   D:4 [   Orc:1 [   Orc:2 ((*([

Portals:
Hell: Depths:1
Ziggurat: Depths:2

Annotations:
D:13 10 exclusions
Swamp:1 3 runed translucent doors, Monkooky's ghost, journeyman OgSh


Innate Abilities, Weirdness & Mutations

You are a living statue of rough stone.
Your actions are slow, but your melee attacks are powerful.
You are resistant to unholy torment.
Your maximum health is greatly increased.
Your equipment is partially melded.
You are too large for most types of armour.
You are immune to poison.
You have claws for hands.
Your natural rate of healing is unusually fast.
((You are covered in fur. (AC +1)))
((You have tough skin. (AC +1)))


Message History

Okawaru accepts your kill.
The fire dragon scales are intact enough to wear.
A deep troll shaman comes into view.
A stone giant comes into view.
You block the deep troll shaman's attack.
The deep troll shaman closely misses you.
The deep troll shaman claws you but does no damage.
Things that are here:
2 large rocks; a stone giant corpse You mangle the deep troll shaman!!
Your claw misses the deep troll shaman.
The deep troll shaman is heavily wounded.
The deep troll shaman bites you but does no damage.
The deep troll shaman claws you but does no damage. x2
You scratch the deep troll shaman but do no damage.
The deep troll shaman is moderately wounded.
A deep troll comes into view.
The deep troll shaman closely misses you.
The deep troll shaman claws you but does no damage.
The deep troll shaman claws you!
* * * LOW HITPOINT WARNING * * *
The stone giant throws a large rock.
The large rock hits you!!
* * * LOW HITPOINT WARNING * * *
The deep troll shouts!
Okay, then.
Okay, then.
Unknown command.
You don't know any spells.
Aiming: Duel (4% risk of failure)
Press: ? - help, Dir - move target, f - deep troll
Aim: a deep troll You enter into single combat with the deep troll!
The world spins around you as you enter the gateway.
You enter Okawaru's Arena!
You can no longer enter into single combat with a foe.
Okawaru will no longer gift you equipment.
The spectator shouts! x10
The deep troll barely misses you. The deep troll claws you!
* * * LOW HITPOINT WARNING * * *
The deep troll claws you.
You die...
Okawaru crowns the deep troll victorious!

#########
##.p▓∩▓p.##
##..▓▓▓▓▓..##
##.p▓▓...▓▓p.##
#..▓▓.....▓▓..#
#p▓▓.......▓▓p#
#▓▓.........▓▓#
#▓....T8.....▓#
#▓▓.........▓▓#
#p▓▓.......▓▓p#
#..▓▓.....▓▓..#
##.p▓▓...▓▓p.##
##..▓▓▓▓▓..##
##.p.#.p.##
#### ####


You could see a deep troll.

Vanquished Creatures
  the Lernaean hydra (Swamp:4)
  Arachne (Spider:4)
  Jorgrun (D:13)
  Gastronok (D:8)
  A thorn hunter (Swamp:3)
  2 fire giants
  4 frost giants
  4 emperor scorpions
  2 ghost moths (Spider:4)
  An orc warlord (Orc:1)
  3 stone giants
  A vampire knight (Arena)
  6 broodmothers
  9 very ugly things
  The ghost of Fyreb the Severer, a journeyman MiBe of Trog (Orc:1)
  2 eleionomae
  A red draconian (Volcano)
  5 spark wasps (Spider:2)
  2 bunyips
  2 ettins
  2 slime creatures (D:12)
  An entropy weaver (Spider:1)
  A yaktaur captain (D:15)
  4 fire dragons
  Erolcha (D:10)
  2 ice dragons (D:15)
  3 catoblepae
  16 hydras
  3 radroaches
  8 vault guards (D:14)
  3 ghost crabs
  2 jorogumos
  22 two-headed ogres
  2 death knights (D:13)
  A spriggan air mage (Arena)
  7 centaur warriors
  4 ogre magi
  7 boulder beetles
  2 deep troll shamans
  5 death yaks (Lair:5)
  7 alligators
  A spriggan berserker (Swamp:3)
  A tengu warrior (Depths:1)
  8 demonic crawlers
  5 spriggans
  2 skysharks
  Lodul (D:14)
  7 pharaoh ants
  7 skeletal warriors
  7 orb spiders
  4 sun moths
  7 goliath frogs
  A spriggan druid (Swamp:3)
  7 bog bodies
  A flayed ghost (Depths:2)
  2 deep trolls (Orc:2)
  3 steelbarb worms
  Pikel (D:6)
  10 swamp dragons (Swamp:4)
  2 lindwurms
  A wizard (D:14)
  2 orc knights
  5 deep elf pyromancers
  A salamander (Volcano)
  3 orc sorcerers
  18 wolf spiders
  4 manticores
  5 cyclopes
  15 elephants
  12 ugly things
  2 will-o-the-wisps
  2 moths of wrath (Spider:4)
  A water nymph (shapeshifter) (D:13)
  4 black mambas
  6 torpor snails
  An ice statue (IceCv)
  3 gargoyles
  11 cane toads
  An efreet (D:10)
  2 rime drakes
  3 unseen horrors (D:12)
  Psyche (D:9)
  2 kobold demonologists (Bailey)
  11 komodo dragons
  3 freezing wraiths
  2 anaconda simulacra (IceCv)
  2 tengu conjurers
  A komodo dragon (shapeshifter) (D:14)
  Maggie (D:7)
  7 meliai
  12 tyrant leeches
  3 polar bears (Lair:5)
  14 trolls
  5 hornets
  28 blink frogs
  31 tarantellas
  33 jumping spiders
  29 culicivoras
  5 wraiths
  A vampire (D:12)
  11 wyverns
  4 shadows
  A dire elephant simulacrum (IceCv)
  59 yaks
  Eustachio (D:6)
  19 vampire mosquitoes
  7 basilisks
  A human (shapeshifter) (D:13)
  4 steam dragons
  A death yak simulacrum (IceCv)
  48 redbacks
  3 wargs
  A hydra simulacrum (IceCv)
  A harpy simulacrum (IceCv)
  18 swamp worms
  5 acid dragons
  19 water moccasins
  5 black bears
  20 orc warriors
  8 swamp drakes
  30 ogres
  An ice beast (D:6)
  30 wolves
  16 centaurs
  5 kobold brigands
  21 bullfrogs
  A cane toad simulacrum (IceCv)
  2 gnoll sergeants
  4 scorpions
  5 two-headed ogre simulacra (IceCv)
  16 wights
  A killer bee (D:10)
  3 elephant simulacra (IceCv)
  2 howler monkeys
  7 electric eels
  5 hounds
  9 jellies
  9 orc priests
  6 iguanas
  19 orc wizards
  A sleepcap (D:4)
  2 polar bear simulacra (IceCv)
  8 troll simulacra (IceCv)
  4 hell rats (Lair:5)
  5 spriggan simulacra (IceCv)
  16 gnolls
  5 adders
  A naga simulacrum (IceCv)
  3 shadow imps
  7 white imps
  8 ufetubi
  3 worms
  2 dart slugs
  60 orcs
  9 endoplasms
  2 giant cockroaches
  16 goblins
  9 hobgoblins
  4 jackals (D:5)
  6 quokkas
  5 ball pythons
  3 bats
  4 frilled lizards
  20 kobolds
  7 rats
1161 creatures vanquished.

Vanquished Creatures (others)
  A fire giant (Depths:2)
  An orb spider (Spider:2)
  A goliath frog (Swamp:3)
  2 bloated husks (Swamp:1)
  A tarantella (Spider:2)
  A culicivora (Spider:2)
  A jumping spider (Spider:1)
  A shadow (D:10)
  2 foxfires (Swamp:4)
11 creatures vanquished.

Grand Total: 1172 creatures vanquished

Notes
Turn   | Place    | Note
-------+----------+-------------------------------------------
     0 | D:1      | Gelion the Troll Shapeshifter began the quest for the Orb.
     0 | D:1      | Reached XP level 1. HP: 19/19 MP: 0/0
   131 | D:1      | Reached XP level 2. HP: 28/28 MP: 1/1
   683 | D:2      | Reached XP level 3. HP: 35/35 MP: 2/2
   994 | D:2      | Found a faded altar of an unknown god.
  1154 | D:2      | Prayed at the altar of an unknown god.
  1270 | D:3      | Reached XP level 4. HP: 42/42 MP: 3/3
  1311 | D:3      | Found a stormy altar of Qazlal.
  1327 | D:3      | Found Ysseemp's Jewellery Emporium.
  1327 | D:3      | You fall into a shaft and drop 1 floor!
  1444 | D:3      | Found a burning altar of Makhleb.
  1444 | D:3      | Found a shimmering blue altar of Sif Muna.
  1539 | D:3      | Found a hazy altar of Hepliaklqana.
  1549 | D:3      | Found a glowing silver altar of Zin.
  1802 | D:4      | Found a transporter.
  1955 | D:4      | Found Geujas's Armour Boutique.
  1981 | D:4      | Reached skill level 4 in Shapeshifting
  2046 | D:4      | Reached XP level 5. HP: 50/50 MP: 4/4
  2103 | D:4      | Found a transporter.
  2210 | D:5      | Entered Level 5 of the Dungeon
  2218 | D:5      | Noticed a black bear
  2239 | D:4      | Killed a black bear
  2240 | D:4      | Reached XP level 6. HP: 34/59 MP: 5/5
  2397 | D:5      | Reached skill level 5 in Shapeshifting
  2459 | D:5      | Reached XP level 7. HP: 35/67 MP: 6/6
  2926 | D:6      | Reached skill level 6 in Shapeshifting
  3020 | D:6      | Reached XP level 8. HP: 75/78 MP: 7/7
  3023 | D:6      | Reached skill level 5 in Unarmed Combat
  3144 | D:6      | Noticed Eustachio
  3152 | D:6      | Killed Eustachio
  3211 | D:6      | Noticed Pikel
  3234 | D:6      | Killed Pikel
  3235 | D:6      | Reached skill level 5 in Fighting
  3235 | D:6      | Reached skill level 7 in Shapeshifting
  3489 | D:6      | Found a staircase to the Ecumenical Temple.
  3641 | Temple   | Entered the Ecumenical Temple
  3665 | Temple   | Became a worshipper of Warmaster Okawaru
  3910 | D:7      | Reached XP level 9. HP: 50/86 MP: 8/8
  3948 | D:7      | Noticed Maggie
  4048 | D:7      | Noticed a two-headed ogre
  4100 | D:7      | Identified the staff "Heisk" {Str+3 Int-3 Dex+8 Conj Earth}
  4121 | D:7      | Killed a two-headed ogre
  4121 | D:7      | Reached * piety under Okawaru
  4122 | D:7      | Reached skill level 1 in Invocations
  4122 | D:7      | Reached skill level 8 in Shapeshifting
  4184 | D:7      | Found an ancient bone altar of Kikubaaqudgha.
  4189 | D:7      | Found a sacrificial altar of Ru.
  4189 | D:7      | Found an opulent altar of Gozag.
  4200 | D:7      | Found a sparkling altar of Nemelex Xobeh.
  4203 | D:7      | Found a shadowy altar of Dithmenos.
  4306 | D:7      | Reached ** piety under Okawaru
  4427 | D:7      | Killed Maggie
  4951 | D:8      | Found a flagged portal.
  5019 | Bailey   | Entered a bailey
  5134 | Bailey   | Reached XP level 10. HP: 98/98 MP: 11/11
  5138 | Bailey   | Reached *** piety under Okawaru
  5203 | Bailey   | Acquired 436 gold pieces
  5277 | Bailey   | Reached skill level 9 in Shapeshifting
  5461 | Bailey   | Found an iron altar of Okawaru.
  5473 | Bailey   | Noticed a sun demon
  5523 | Bailey   | Identified the +9 mace "Troll's Curse" {pain, rPois rF-
                  | Str+8}
  5635 | D:3      | Bought a granite talisman for 960 gold pieces
  6010 | D:8      | Noticed a two-headed ogre
  6014 | D:8      | Killed a two-headed ogre
  6014 | D:8      | Reached **** piety under Okawaru
  6050 | D:8      | Noticed Gastronok
  6067 | D:8      | Killed Gastronok
  6067 | D:8      | Received a gift from Okawaru
  6078 | D:8      | Acquired a +4 ring of slaying
  6406 | D:8      | Reached skill level 10 in Shapeshifting
  6583 | D:9      | Identified the +10 spear "Yjiumaefoi" {vamp, rC+}
  6586 | D:9      | Noticed a two-headed ogre
  6592 | D:9      | Killed a two-headed ogre
  6592 | D:9      | Reached ***** piety under Okawaru
  6593 | D:9      | Reached XP level 11. HP: 104/107 MP: 13/13
  6720 | D:9      | Reached skill level 5 in Invocations
  6901 | D:9      | Identified the +0 orcbow "Dakleacu" {freeze, Int+3}
                  | (Okawaru gifted it to you on level 9 of the Dungeon)
  6901 | D:9      | Received a gift from Okawaru
  6934 | D:9      | Found a staircase to the Lair.
  6985 | D:9      | Found a glowing golden altar of the Shining One.
  7323 | D:9      | Found a hide-covered altar of Uskayaw.
  7376 | D:9      | Noticed Psyche
  7416 | D:9      | Killed Psyche
  7678 | Lair:1   | Entered Level 1 of the Lair of Beasts
  7712 | Lair:1   | Reached skill level 11 in Shapeshifting
  7776 | Lair:1   | Received a gift from Okawaru
  8113 | Lair:1   | Reached XP level 12. HP: 119/119 MP: 15/15
  8714 | Lair:2   | Noticed a boulder beetle
  8724 | Lair:2   | Killed a boulder beetle
  8733 | Lair:2   | Received a gift from Okawaru
  8830 | Lair:2   | Found a dark tunnel.
  8839 | Volcano  | Entered a volcano
  8896 | Volcano  | Noticed a red draconian
  8907 | Volcano  | Killed a red draconian
  9161 | Lair:2   | Reached skill level 10 in Unarmed Combat
  9193 | Lair:2   | Reached skill level 12 in Shapeshifting
  9197 | Lair:2   | Found a staircase to the Swamp.
  9685 | Lair:2   | Reached ****** piety under Okawaru
  9700 | Lair:2   | Identified the +5 rapier of the Unliving {antimagic, rF+
                  | rCorr} (Okawaru gifted it to you on level 2 of the Lair of
                  | Beasts)
  9700 | Lair:2   | Received a gift from Okawaru
 10285 | Lair:3   | Reached XP level 13. HP: 130/130 MP: 17/17
 10816 | Lair:3   | Found a hole to the Spider Nest.
 11341 | Lair:4   | Received a gift from Okawaru
 11361 | Lair:4   | Reached skill level 13 in Shapeshifting
 11586 | Lair:4   | Found a staircase to the Slime Pits.
 11587 | Lair:4   | Found a viscous altar of Jiyva.
 11618 | Lair:4   | Identified the +1 robe of Rayff {Dex+5 Stlth+} (Okawaru
                  | gifted it to you on level 4 of the Lair of Beasts)
 11618 | Lair:4   | Received a gift from Okawaru
 11922 | Lair:5   | Entered Level 5 of the Lair of Beasts
 12291 | Lair:5   | Reached XP level 14. HP: 141/141 MP: 19/19
 12397 | Lair:5   | Reached skill level 14 in Shapeshifting
 12411 | Lair:5   | Reached skill level 10 in Fighting
 12562 | Lair:5   | Identified the +2 robe "Fuyheg" {rC+} (Okawaru gifted it to
                  | you on level 5 of the Lair of Beasts)
 12562 | Lair:5   | Received a gift from Okawaru
 13260 | D:10     | Entered Level 10 of the Dungeon
 13281 | D:10     | Found a staircase to the Orcish Mines.
 13404 | D:10     | Noticed Erolcha
 13411 | D:10     | Killed Erolcha
 13428 | D:10     | Found a radiant altar of Vehumet.
 13560 | D:10     | Noticed a stone giant
 13566 | D:10     | Killed a stone giant
 13604 | D:10     | Identified the +0 scale mail of Theory {Rampage rPois}
 13622 | D:10     | Noticed a fire giant
 13630 | D:10     | Killed a fire giant
 14282 | D:11     | Reached skill level 10 in Invocations
 14513 | D:12     | Identified the +0 steam dragon scales "Boureat" {Contam
                  | rCorr Dex+4 Stlth+} (Okawaru gifted it to you on level 12
                  | of the Dungeon)
 14513 | D:12     | Received a gift from Okawaru
 14832 | D:12     | Reached skill level 15 in Shapeshifting
 15029 | D:12     | Reached XP level 15. HP: 152/152 MP: 21/21
 16315 | D:13     | Noticed Jorgrun
 16320 | D:13     | Killed Jorgrun
 17069 | D:14     | Noticed Lodul
 17073 | D:14     | Killed Lodul
 17203 | D:14     | Found a gate to the Vaults.
 17250 | D:14     | Identified the +1 robe of Viurean {-Tele Will+++ Regen+}
                  | (Okawaru gifted it to you on level 14 of the Dungeon)
 17250 | D:14     | Received a gift from Okawaru
 17957 | D:15     | Entered Level 15 of the Dungeon
 18033 | D:15     | Paralysed by an ogre mage for 3 turns
 18044 | D:15     | Reached skill level 16 in Shapeshifting
 18379 | D:15     | Reached XP level 16. HP: 163/163 MP: 23/23
 18703 | D:15     | Found a staircase to the Depths.
 19108 | Orc:1    | Entered Level 1 of the Orcish Mines
 19108 | Orc:1    | Found Digotuni's Armour Boutique.
 19440 | Orc:1    | Found a transporter.
 19442 | Orc:1    | Noticed Fyreb's ghost (journeyman MiBe)
 19443 | Orc:1    | Identified the amulet of Lerchef {Reflect +Inv Int+2 Dex-5
                  | SH+5}
 19445 | Orc:1    | Found a transporter.
 19676 | Orc:1    | Killed Fyreb's ghost
 19722 | Orc:2    | Entered Level 2 of the Orcish Mines
 19735 | Orc:2    | Found a frozen archway.
 19756 | IceCv    | Entered an ice cave
 20241 | IceCv    | Identified the +7 hand axe of Accord {flame, rF+}
 20322 | Orc:2    | Identified the +1 robe of Untruth {rC+ Slay+3} (Okawaru
                  | gifted it to you on level 2 of the Orcish Mines)
 20322 | Orc:2    | Received a gift from Okawaru
 20625 | Orc:2    | Found Nauf's General Store.
 20626 | Orc:2    | Found Piul's Weapon Shoppe.
 20637 | Orc:2    | Found Ehemeqe's Antique Weapon Boutique.
 20648 | Orc:2    | Found Anoton's Weapon Emporium.
 20678 | Orc:2    | Found Qaggiy's Antique Armour Boutique.
 20682 | Orc:2    | Found a staircase to the Elven Halls.
 20743 | Orc:2    | Found a shimmering blue altar of Sif Muna.
 20765 | Orc:2    | Got Sif Muna's Parchment of the Mesa
 21251 | D:3      | Bought a talisman of death for 1364 gold pieces
 21396 | Swamp:1  | Entered Level 1 of the Swamp
 21857 | Swamp:1  | Found a runed translucent gate.
 21857 | Swamp:1  | Found a runed translucent gate.
 21860 | Swamp:1  | Found a runed translucent gate.
 21860 | Swamp:1  | Noticed a thorn hunter
 21861 | Swamp:1  | Noticed a thorn hunter
 21861 | Swamp:1  | Noticed Monkooky's ghost (journeyman OgSh)
 22092 | Swamp:2  | Reached skill level 17 in Shapeshifting
 22679 | Swamp:3  | Noticed a thorn hunter
 22692 | Swamp:3  | Killed a thorn hunter
 22983 | Swamp:3  | Identified the +2 robe of Gups {-Cast rN+ Regen+ rCorr}
 23117 | Swamp:4  | Entered Level 4 of the Swamp
 23144 | Swamp:4  | Reached XP level 17. HP: 174/174 MP: 25/25
 23199 | Swamp:4  | Received a gift from Okawaru
 23270 | Swamp:4  | Noticed the 27-headed Lernaean hydra
 23276 | Swamp:4  | Killed the 26-headed Lernaean hydra
 23735 | Swamp:4  | Got a decaying rune of Zot
 23965 | Spider:1 | Entered Level 1 of the Spider Nest
 23969 | Spider:1 | Reached skill level 15 in Unarmed Combat
 24372 | Spider:1 | Identified the +1 troll leather armour of the Merwolf
                  | {rF+++ rC- Will+ Regen+ Str+3} (Okawaru gifted it to you on
                  | level 1 of the Spider Nest)
 24372 | Spider:1 | Received a gift from Okawaru
 26766 | Spider:3 | Reached skill level 5 in Dodging
 26955 | Spider:3 | Reached XP level 18. HP: 184/184 MP: 26/26
 26982 | Spider:3 | Reached skill level 18 in Shapeshifting
 27339 | Spider:3 | Received a gift from Okawaru
 27832 | Spider:4 | Entered Level 4 of the Spider Nest
 27838 | Spider:4 | Noticed Arachne
 27843 | Spider:4 | Killed Arachne
 28693 | Spider:4 | Got a gossamer rune of Zot
 28725 | Spider:4 | Reached XP level 19. HP: 193/193 MP: 27/27
 28819 | Spider:4 | Received a gift from Okawaru
 29244 | Depths:1 | Entered Level 1 of the Depths
 29352 | Depths:1 | Reached skill level 1 in Throwing
 29537 | Depths:1 | Found a gateway to Hell.
 29573 | Depths:1 | You fall into a shaft and drop 1 floor!
 29576 | Depths:2 | Identified the +6 great sword "Depuef" {vamp, rElec rC+
                  | Int+2} (Okawaru gifted it to you on level 2 of the Depths)
 29576 | Depths:2 | Received a gift from Okawaru
 29582 | Depths:2 | Found a one-way gateway to a ziggurat.
 29594 | Arena    | Entered the Arena
 29610 | Arena    | Entered the Arena
 29641 | Depths:2 | HP: 12/253 [stone giant/large rock (31)]
 29642 | Arena    | Entered the Arena
 29642 | Arena    | HP: 1/253 [deep troll (13)]
 29642 | Arena    | Slain by a deep troll

Illustrated notes

Levels and vault maps discovered:
D:1:      ncdulo_lavacross, layout_loops_ring, st_stairs_10
D:2:      layout_rooms, chequers_ecumenical_altar_island, minmay_misc_feat_five,
          serial_bayou_ford_a
D:3:      layout_basic, mainiacjoe_overflow_six_doors_small,
          gammafunk_temple_overflow_wave, mainiacjoe_overflow_swirl,
          serial_shops, shop
D:4:      gammafunk_wand_slinger, layout_cave_pools, serial_shops,
          nicolae_shop_hallway_plus
D:5:      layout_gridville
D:6:      layout_loops_ring, minmay_temple_entry_grid, uniq_pikel,
          uniq_eustachio
D:7:      layout_basic, minmay_overflow_temple_star_hex,
          corexii_item_surrounded_by_moat, uniq_maggie
D:8:      layout_basic, enter_bailey_5, uniq_gastronok
D:9:      layout_basic, nicolae_uskayaw_dance_studio, tso_metal_star,
          minmay_lair_entry_grove, uniq_psyche
D:10:     nzn_winding_woodlands_large [nzn_winding_woodlands_5x5_cross,
          nzn_winding_woodlands_5x15_zeroes, nzn_winding_woodlands_hourglass,
          nzn_winding_woodlands_center_triple_pond,
          nzn_winding_woodlands_15x15_eel_pit,
          nzn_winding_woodlands_center_diamonds,
          nzn_winding_woodlands_5x5_default,
          nzn_winding_woodlands_5x15_lazy_stream,
          nzn_winding_woodlands_5x5_checkerboard], layout_cave_pools,
          vehumet_crystals, david_orc_3, minmay_misc_feat_encased, uniq_erolcha
D:11:     layout_basic
D:12:     minmay_box_of_statues, layout_loops_ring, serial_rivers,
          chequers_serial_rivers_micro_a, chequers_serial_rivers_large_b,
          chequers_serial_rivers_micro_d, chequers_serial_rivers_micro_a,
          chequers_serial_rivers_micro_e, chequers_serial_rivers_room_a
D:13:     cheibrodos_tormentor_scu, layout_loops_ring, serial_co_window_serial,
          co_window_corner_a, co_window_corner_a, co_window_paths_a,
          co_window_paths_a, co_window_paths_b, co_window_paths_b,
          co_window_corner_b, co_window_unsneaky_path_e, co_window_corner_b,
          co_window_of_opportunity_c, co_window_paths_e, co_window_sun,
          glass_columns_c, uniq_jorgrun
D:14:     layout_basic, erik_vaults_2, uniq_lodul
D:15:     grunt_enter_depths_hoard, layout_cave_pods,
          chequers_serial_rivers_micro_d, minmay_bent
Temple:   nicolae_temple_bog_church
Lair:1:   layout_regular_city, chequers_serial_rivers_micro_a, st_stairs_10
Lair:2:   layout_gridlike, nicolae_swamp_entry_splash_gauntlet, enter_volcano_2,
          amcnicky_mini_pool_medium, serial_bayou_shore_b
Lair:3:   layout_regular_city, nicolae_spider_entry_tight_spaces,
          grunt_megastairs_1
Lair:4:   layout_hall_layers, nicolae_slime_entry_slimehenge,
          beast_lair_carwin_10
Lair:5:   grunt_lair_end_beastmaster, layout_loops_ring, grunt_megastairs_3
Swamp:1:  layout_basic_swamp, gammafunk_ghost_split, serial_swamp_ruin,
          evilmike_swamp_ruin_house_2, evilmike_swamp_ruin_house_3,
          hangedman_swamp_ruin_wall
Swamp:2:  layout_basic_swamp, evilmike_swamp_ruin_house_4, swamp_pool2
Swamp:3:  layout_basic_swamp, evilmike_swamp_ruin_rubble_2
Swamp:4:  swamp_old_school, layout_basic_swamp
Spider:1: layout_chambers
Spider:2: layout_chambers, dreamdust_wasp_nest
Spider:3: layout_spider_delve
Spider:4: hellmonk_spider_rune_endless_swarm, uniq_arachne
Orc:1:    layout_caves, serial_shops, shop, gammafunk_ghost_arena
Orc:2:    st_orc_open, layout_diamond_mine, portal_ice_cave_entry_pillars_1,
          serial_shops, nicolae_shop_window_shopping, led_sif_book
Depths:1: layout_gridville, grunt_pan_entry_sceptre, minmay_holes,
          hangedman_abyss_entry_splay, hangedman_coc_ice_floe,
          kennysheep_small_square, uniq_enchantress, uniq_nikola
Depths:2: evilmike_diamond_2, layout_cave_pools, enter_ziggurat_f,
          infiniplex_staircase_split_hallway, hell_entry,
          grunt_pan_entry_zigzag, uniq_mara
Arena

Skill      XL: |  1  2  3  4  5  6  7  8  9 10 11 12 13 14 15 16 17 18 19 |
---------------+----------------------------------------------------------+-----
Fighting       | 2 3 4 5 6 7 8 9 10 11 12 13 | 13.4
Shapeshifting  | 4 5 6 7 8 10 11 12 13 15 16 17 18 | 18.9
Unarmed Combat | 3 4 6 7 8 9 10 11 12 13 14 15 16 | 16.7
Invocations    | 3 4 6 7 9 10 11 12 13 | 13.3
Dodging        | 3 5 6 |  6.2
Throwing       | 2 |  2.0

Action                     |  1- 3 |  4- 6 |  7- 9 | 10-12 | 13-15 | 16-18 | 19-21 || total
---------------------------+-------+-------+-------+-------+-------+-------+-------++-------
  Melee: Unarmed           |   107 |    83 |   209 |   452 |   762 |   959 |   107 ||  2679
         Punch             |       |     1 |     2 |       |    53 |    98 |    22 ||   176
         Constrict         |       |       |    29 |   101 |    18 |       |       ||   148
  Throw: Large rock        |       |       |       |       |     1 |     6 |       ||     7
 Invoke: Heroism           |       |       |       |       |     5 |     8 |     2 ||    15
         Finesse           |       |       |       |       |     5 |     3 |     1 ||     9
         Duel              |       |       |       |       |       |       |     3 ||     3
    Use: Scroll            |    10 |     3 |     5 |     8 |     3 |     6 |       ||    35
         Potion            |       |       |       |     1 |       |     4 |       ||     5
   Stab: Sleeping          |       |     4 |       |     1 |     2 |     1 |       ||     8
         Petrified         |       |       |       |       |     5 |       |       ||     5
         Distracted        |       |       |       |       |       |     1 |       ||     1
 Armour: Animal skin       |    25 |    23 |    26 |       |       |       |       ||    74
         Skin              |       |       |    27 |   155 |   792 |  1465 |    92 ||  2531
  Dodge: Dodged            |    50 |    52 |    93 |   219 |   558 |   925 |    50 ||  1947
  Block: Other             |       |       |       |       |       |       |    21 ||    21
   Form: Anaconda          |       |       |     1 |       |       |     1 |       ||     2
         Statue            |       |       |       |       |     1 |     1 |     1 ||     3
                           |       |       |       |       |       |     1 |       ||     1

Table legend: (Time is in decaauts)
 A = Elapsed time spent in this place.
 B = Non-inter-level travel time spent in this place.
 C = Inter-level travel time spent in this place.
 D = Time resting spent in this place.
 E = Time spent auto-exploring this place.
 F = Levels seen in this place.
 G = Mean time per level.
                   A        B        C        D        E       F      G
               +--------+--------+--------+--------+--------+-----+--------+
         Total |  38045 |  34521 |   3524 |    435 |  27139 |  39 |  975.5 |
       Dungeon |  16321 |  14615 |   1706 |    333 |  11637 |  15 | 1088.1 |
        Temple |     48 |      1 |     47 |      0 |      0 |   1 |   48.0 |
          Lair |   6557 |   5784 |    773 |      0 |   4457 |   5 | 1311.4 |
         Swamp |   3620 |   3453 |    167 |     30 |   2847 |   4 |  905.0 |
   Spider Nest |   7363 |   6794 |    569 |     52 |   5509 |   4 | 1840.8 |
  Orcish Mines |   2118 |   1861 |    257 |      0 |   1489 |   2 | 1059.0 |
        Depths |    402 |    401 |      1 |      1 |    237 |   2 |  201.0 |
        Bailey |    519 |    519 |      0 |      0 |    288 |   1 |  519.0 |
      Ice Cave |    836 |    836 |      0 |      0 |    502 |   1 |  836.0 |
       Volcano |    211 |    211 |      0 |      0 |    159 |   1 |  211.0 |
         Arena |     45 |     45 |      0 |     18 |     12 |   3 |   15.0 |
               +--------+--------+--------+--------+--------+-----+--------+

Top non-repeatable levels by time:
    D:13: 2266 daAuts
Spider:2: 2027 daAuts
Spider:3: 1992 daAuts
Spider:1: 1915 daAuts
  Lair:5: 1800 daAuts
    D:15: 1774 daAuts
    D:12: 1501 daAuts
    D:14: 1473 daAuts
Spider:4: 1427 daAuts
  Lair:2: 1417 daAuts
  Lair:3: 1367 daAuts
     D:7: 1339 daAuts
   Orc:2: 1208 daAuts
     D:9: 1138 daAuts
  Lair:1: 1062 daAuts
